Map: Lightshade LE

Players

BroodKingEXE - Winner!

  • Race: Terran Terran
  • League: Diamond
  • Spawn Location: 5:00

VOD

Have the link to the VOD?

Description

Time

  • Played on: Feb. 4, 2021, 12:34 p.m.
  • Length: 13:53
Show
View Real Time Build Order
Export as new Build Order

BroodKingEXE Terran - Winner!

Build Orders:  

Get SALT Encoding   

  12  0:02  SCV  
  13  0:19  SCV  
  14  0:23  Supply Depot  
  14  0:35  SCV  
  15  0:55  Barracks  
  15  0:58  SCV  
  16  1:15  SCV  
  17  1:28  Refinery  
  17  1:32  SCV  
  18  1:46  Refinery  
  18  1:49  SCV  
  19  2:03  Marine, Supply Depot  
  19  2:06  Orbital Command  
  20  2:44  Factory  
  20  2:53  SCV  
  20  3:10  Command Center, SCV  
  21  3:11  Barracks Reactor  
  22  3:26  SCV  
  23  3:45  Starport  
  23  3:49  SCV  
  24  4:06  SCV  
  25  4:23  SCV  
  25  4:27  Bunker  
  26  4:39  Hellion  
  28  4:40  Hellion  
  28  4:41  Marine  
  28  4:42  Bunker  
  31  4:52  Supply Depot  
  31  5:04  Supply Depot  
  31  5:17  Marine, SCV  
  31  5:22  Hellion  
  36  5:34  SCV  
  36  5:38  Hellion  
  39  6:00  SCV  
  39  6:01  Command Center  
  39  6:05  Marine  
  41  6:22  Unknown  
  41  6:30  SCV  
  41  6:37  Supply Depot x2  
  42  6:46  Medivac  
  42  6:47  Hellion  
  46  6:57  SCV  
  46  6:59  Barracks  
  47  7:07  Hellion  
  49  7:11  Supply Depot  
  49  7:12  Supply Depot  
  49  7:19  SCV  
  50  7:36  SCV  
  51  7:53  Hellion x2  
  55  8:07  Barracks  
  52  8:27  Marine  
  52  8:29  Hellion  
  55  8:30  Hellion  
  55  8:31  Medivac  
  59  8:41  SCV  
  59  8:48  Barracks Tech Lab  
  60  8:52  Marine  
  57  9:17  Marine  
  56  9:46  Armory  
  56  9:50  Marine, Supply Depot  
  56  9:53  Supply Depot  
  56  9:54  Marine x2  
  57  10:06  Hellion x2  
  57  10:07  Medivac  
  60  10:15  Marine  
  56  10:37  Unknown  
  56  10:39  Barracks Reactor  
  56  10:40  Barracks Reactor  
  56  10:45  Orbital Command  
  56  10:52  Marine  
  56  10:54  Hellion x2  
  60  11:17  Marine  
  61  11:26  Widow Mine x2  
  61  11:33  Marine x2  
  61  11:34  Marine x2  
  72  11:42  Marine  
  73  11:58  Marine x2  
  73  11:59  Marine x2  
  73  12:06  Hellion x2  
  73  12:07  Marine  
  77  12:23  Marine x2  
  77  12:24  Marine x2  
  81  12:32  Marine  
  81  12:34  SCV  
  81  12:35  SCV  
  81  12:39  Unknown  
  84  12:48  Marine x2  
  84  12:49  Marine x2  
  88  13:10  SCV x2  
  88  13:14  Marine x5  
  88  13:16  Hellion x2  
Tags
 
Add a new tag
Caveats
  • Supply blocks, unpowered buildings, or Contaminate may cause inaccurate times.
  • Supply counts are checked every 10 seconds.